 Dungeon Crawl Stone Soup version 0.30.0-2-g1aa4bd4387 (webtiles) character file.

Game seed: 6306081046645250123

798 Eitelfritz the Cleaver (level 7, -9/61 HPs)
             Began as a Hill Orc Fighter on May 7, 2023.
             Mangled by a gnoll sergeant
             ... wielding a +2 heavy spear
              (12 damage)
             ... on level 5 of the Dungeon.
             The game lasted 00:06:11 (4151 turns).

Eitelfritz the Cleaver (Hill Orc Fighter)           Turns: 4151, Time: 00:06:12

Health: -9/61      AC:  8    Str: 21    XL:     7   Next: 90%
Magic:  7/7        EV: 11    Int:  8    God:
Gold:   198        SH:  4    Dex: 10    Spells: 6/6 levels left

rFire   . . .        a - +1 war axe
rCold   + . .        c - +0 buckler
rNeg    . . .        w - +2 ring mail {rC+}
rPois   .            (no helmet)
rElec   .            (no cloak)
rCorr   .            (no gloves)
SInv    .            (no boots)
Will    .....        (no amulet)
Stlth   +            (no ring)
HPRegen 0.30/turn    (no ring)
MPRegen 0.10/turn

%: no passive effects
@: no status effects
A: no striking features
a: no special abilities


You were on level 5 of the Dungeon.
You visited 1 branch of the dungeon, and saw 5 of its levels.

You collected 228 gold pieces.
You spent 30 gold pieces at shops.

Inventory:

Hand Weapons
 a - a +1 war axe (weapon)
Missiles
 o - 4 boomerangs
 q - a javelin (quivered)
Armour
 c - a +0 buckler (worn)
 u - a +0 plate armour
 w - a +2 ring mail of cold resistance (worn)
Wands
 b - a wand of roots (1)
Scrolls
 i - 2 scrolls of magic mapping
 k - a scroll of fog
 t - a scroll of immolation
Potions
 d - a potion of might
 f - 2 potions of curing
 h - a potion of flight
 j - a potion of ambrosia
 n - 4 potions of cancellation
 p - a potion of resistance {unknown}
 v - a potion of lignification {unknown}
 x - a potion of attraction
 z - a potion of haste {unknown}


   Skills:
 + Level 5.2 Fighting
 + Level 8.0 Axes
 + Level 0.4 Throwing
 + Level 4.9 Armour
 + Level 1.9 Dodging
 + Level 0.5 Stealth
 + Level 4.5 Shields


You had 6 spell levels left.
You didn't know any spells.
Your spell library contained the following spells:

 Spells                   Type           Power      Damage    Failure   Level
 Summon Small Mammal      Summ           0%         N/A       63%         1
 Call Canine Familiar     Summ           0%         N/A       94%         3
 Portal Projectile        Hex/Tloc       0%         N/A       94%         3
 Summon Guardian Golem    Hex/Summ       0%         N/A       94%         3
 Leda's Liquefaction      Hex/Erth       0%         N/A       100%        4


Dungeon Overview and Level Annotations

Branches:
Dungeon (5/15)
 Temple: D:4-7

Altars:
Dithmenos
Xom

Shops:
D:4 *


Message History

You barely miss the gnoll.
The gnoll is severely wounded.
The gnoll hits you with a +4 spear!
The gnoll hits you from afar with a +0 halberd.
You slash the gnoll!
You kill the gnoll!
The gnoll sergeant hits you from afar with a +2 heavy spear!
You block the gnoll's attack. The gnoll closely misses you.
The gnoll hits you from afar with a +0 spear. x2
* * * LOW HITPOINT WARNING * * *
The gnoll sergeant hits you with a +2 heavy spear.
* * * LOW HITPOINT WARNING * * *
You see here a +4 spear.
Unknown command.
You barely miss the gnoll. You hit the gnoll sergeant.
The gnoll hits you with a +0 halberd.
* * * LOW HITPOINT WARNING * * *
The gnoll closely misses you. x2
Unknown command.
You feel better. The gnoll sergeant closely misses you.
The gnoll barely misses you.
The gnoll hits you from afar with a +0 spear.
* * * LOW HITPOINT WARNING * * *
The gnoll hits you from afar with a +0 spear.
* * * LOW HITPOINT WARNING * * *
You closely miss the gnoll. You hit the gnoll sergeant.
The gnoll closely misses you. The gnoll misses you.
The gnoll hits you but does no damage.
The gnoll sergeant hits you with a +2 heavy spear!
* * * LOW HITPOINT WARNING * * *
Unknown command.
You slash the gnoll!
The gnoll is almost dead.
You slash the gnoll sergeant!
The gnoll hits you from afar with a +0 spear.
* * * LOW HITPOINT WARNING * * *
You block the gnoll's attack. The gnoll closely misses you.
The gnoll sergeant hits you with a +2 heavy spear!
You die...

#########...####.....####.
#...# ##...## #. #######.#
##.## #. #.......## #.# ##.
#.####...## +#.#+ ##..
#....###...###... ###.#######
#........8.......
.......$..###g...###...###...
##...##.....@gg.## +#.#+ ##..
#. #.#.####g## #.# ##.
......†)#.# #.# ##.## #.
##.#$...#.# #.# ##...## #.
.....(..# #.####.....####.
#.###.#### ............... #
.( .######.####### #. .. ...#
# .> ##### #


You could see a gnoll sergeant and 3 gnolls.

Vanquished Creatures
  An ice beast (D:5)
  2 ogres
  3 scorpions
  A hound (D:5)
  An orc priest (D:3)
  2 jellies
  Ijyb (D:4)
  A sleepcap (D:5)
  An orc wizard (D:3)
  2 gnolls (D:5)
  8 adders
  2 worms (D:3)
  8 orcs
  4 endoplasms
  2 giant cockroaches (D:1)
  4 goblins
  10 hobgoblins
  2 jackals (D:4)
  A kobold (D:2)
  4 quokkas
  6 ball pythons
  3 bats
  2 frilled lizards
  5 rats
76 creatures vanquished.

Vanquished Creatures (others)
  5 dream sheep (D:3)
5 creatures vanquished.

Grand Total: 81 creatures vanquished

Notes
Turn   | Place    | Note
-------+----------+-------------------------------------------
     0 | D:1      | Eitelfritz the Hill Orc Fighter began the quest for the
                  | Orb.
     0 | D:1      | Reached XP level 1. HP: 19/19 MP: 1/1
   123 | D:1      | Reached XP level 2. HP: 27/27 MP: 2/2
   369 | D:1      | Reached skill level 3 in Axes
   918 | D:2      | Reached XP level 3. HP: 22/33 MP: 3/3
  1353 | D:2      | Found a faded altar of an unknown god.
  2063 | D:3      | Reached XP level 4. HP: 21/40 MP: 4/4
  2159 | D:3      | Reached skill level 4 in Axes
  2304 | D:3      | Noticed a dream sheep
  2304 | D:3      | Noticed a dream sheep
  2304 | D:3      | Noticed a dream sheep
  2304 | D:3      | Noticed a dream sheep
  2304 | D:3      | Noticed a dream sheep
  2304 | D:3      | Found a shimmering altar of Xom.
  2308 | D:3      | Killed a dream sheep
  2308 | D:3      | Killed a dream sheep
  2308 | D:3      | Killed a dream sheep
  2309 | D:3      | Killed a dream sheep
  2309 | D:3      | Killed a dream sheep
  2476 | D:3      | Reached XP level 5. HP: 42/46 MP: 5/5
  2643 | D:3      | Noticed an ogre
  2646 | D:3      | Killed an ogre
  2647 | D:3      | Reached skill level 5 in Axes
  2784 | D:3      | Found a shadowy altar of Dithmenos.
  2794 | D:3      | Reached XP level 6. HP: 49/53 MP: 6/6
  2922 | D:4      | Noticed Ijyb
  2922 | D:4      | Found Ummo Opo's General Store.
  2934 | D:4      | Killed Ijyb
  2935 | D:4      | Reached skill level 1 in Dodging
  3023 | D:4      | Bought a potion of attraction for 30 gold pieces
  3250 | D:4      | Reached skill level 6 in Axes
  3306 | D:4      | Reached skill level 5 in Fighting
  3338 | D:4      | Reached XP level 7. HP: 61/61 MP: 7/7
  3873 | D:5      | Entered Level 5 of the Dungeon
  3879 | D:5      | Reached skill level 7 in Axes
  4123 | D:5      | Reached skill level 8 in Axes
  4151 | D:5      | HP: 3/61 [gnoll/+0 spear[a gnoll sergeant] (2)]
  4151 | D:5      | Mangled by a gnoll sergeant

Illustrated notes

Levels and vault maps discovered:
D:1:      matt_arrival_refuge, layout_basic
D:2:      layout_basic, hellmonk_ecumenical_altar_crossroads
D:3:      layout_basic, grunt_dithmenos_smoke_and_mirrors,
          kb_xom_exploding_sheep
D:4:      layout_loops_ring, serial_shops, shop, uniq_ijyb
D:5:      cheibrodos_barr_body, layout_basic, makhleb_heckhound_becter,
          gammafunk_ghost_hive

Skill      XL: |  1  2  3  4  5  6  7 |
---------------+----------------------+-----
Axes           | 3 4 5 6 8 |  8.0
Fighting       | 4 5 |  5.2
Shields        | 4 |  4.5
Armour         | 4 |  4.9
Dodging        | 1 |  1.9
Throwing       | |  0.4
Stealth        | |  0.5

Action                     |  1- 3 |  4- 6 |  7- 9 || total
---------------------------+-------+-------+-------++-------
  Melee: War axe           |    92 |   114 |    52 ||   258
  Throw: Javelin           |       |     3 |     4 ||     7
    Use: Scroll            |       |       |    12 ||    12
         Potion            |       |       |     1 ||     1
 Armour: Scale mail        |    36 |    38 |       ||    74
         Ring mail         |       |    27 |    19 ||    46
  Dodge: Dodged            |    55 |    50 |    25 ||   130
  Block: Buckler           |    27 |    25 |    17 ||    69
